 Dungeon Crawl Stone Soup version 0.30-a0-728-gc68057be0a (webtiles) character file.

Game seed: 12246566361676194125

508 cheesebisquit the Skirmisher (level 6, -5/50 HPs)
             Began as a Minotaur Hunter on Jan 31, 2023.
             Slain by a gnoll
             ... wielding a +0 halberd
             ... led by a gnoll bouda
              (13 damage)
             ... on level 5 of the Dungeon.
             The game lasted 00:08:32 (2140 turns).

cheesebisquit the Skirmisher (Minotaur Hunter)      Turns: 2140, Time: 00:08:32

Health: -5/50      AC:  3    Str: 16    XL:     6   Next: 98%
Magic:  5/5        EV: 12    Int:  6    God:
Gold:   81         SH:  0    Dex: 15    Spells: 5/5 levels left

rFire   . . .      SeeInvis .    a - +0 shortbow
rCold   . . .      Faith    .    (shield currently unavailable)
rNeg    . . .      Spirit   .    c - +0 leather armour
rPois   .          Reflect  .    (helmet restricted)
rElec   .          Harm     .    (no cloak)
rCorr   .          Rampage  .    (no gloves)
Will    .....                    (no boots)
Stlth   +                        (no amulet)
HPRegen 0.28/turn                h - ring of flight
MPRegen 0.09/turn                (no ring)

@: mighty, weakened, flying, studying Stealth
A: horns 2, retaliatory headbutt
a: no special abilities


You were on level 5 of the Dungeon.
You visited 1 branch of the dungeon, and saw 4 of its levels.

You collected 81 gold pieces.

Inventory:

Hand Weapons
 a - a +0 shortbow (weapon)
Armour
 c - a +0 leather armour (worn)
Jewellery
 h - a ring of flight (left hand)
Scrolls
 b - a scroll of immolation
 g - 2 scrolls of fear
 m - a scroll of fog {unknown}
 o - a scroll of amnesia {unknown}
Potions
 d - a potion of resistance {unknown}
 f - 3 potions of degeneration
 j - a potion of might
 k - 2 potions of mutation {unknown}
 l - 2 potions of lignification {unknown}


   Skills:
 - Level 2.4 Fighting
 + Level 9.2 Ranged Weapons
 - Level 2.1 Dodging
 - Level 0.7 Stealth


You had 5 spell levels left.
You didn't know any spells.
Your spell library contained the following spells:

 Spells                   Type           Power      Damage    Failure   Level
 Lesser Beckoning         Tloc           0%         N/A       67%         2
 Gell's Gravitas          Tloc           0%         N/A       88%         3
 Teleport Other           Tloc           0%         N/A       88%         3


Dungeon Overview and Level Annotations

Branches:
Dungeon (3/15)

Altars:
Elyvilon
Qazlal
Yredelemnul
The Shining One


Innate Abilities, Weirdness & Mutations

You have a pair of horns on your head.
You reflexively headbutt those who attack you in melee.


Message History

Press: ? - help, Q - select action Shift-Dir - straight line, f/p - gnoll bouda
Aim: a gnoll bouda, wielding a +0 club and wearing a +0 leather armour (68% to hit)
You shoot an arrow.
The arrow barely misses the gnoll bouda.
The gnoll bouda barks out a call to the hunt!
Fire: a) +0 shortbow
Press: ? - help, Q - select action Shift-Dir - straight line, f/p - gnoll bouda
Aim: a gnoll bouda, wielding a +0 club and wearing a +0 leather armour (68% to hit)
You shoot an arrow. The arrow hits the gnoll bouda!
The gnoll bouda is moderately wounded.
The gnoll bouda gazes fiercely through you!
You feel your attacks grow feeble.
The gnoll bouda gazes fiercely through you!
You feel as though you will be weak longer.
The gnoll bouda hits you with a +0 club.
Fire: a) +0 shortbow
Press: ? - help, Q - select action Shift-Dir - straight line, f/p - gnoll bouda
Aim: a gnoll bouda, wielding a +0 club and wearing a +0 leather armour (moderately wounded, 68% to hit)
You shoot an arrow. The arrow hits the gnoll bouda.
The gnoll bouda is heavily wounded.
The gnoll bouda gazes fiercely through you!
You feel as though you will be weak longer.
The gnoll bouda hits you with a +0 club!
Fire: a) +0 shortbow
Press: ? - help, Q - select action Shift-Dir - straight line, f/p - gnoll bouda
Aim: a gnoll bouda, wielding a +0 club and wearing a +0 leather armour (heavily wounded, 68% to hit)
You shoot an arrow.
The arrow closely misses the gnoll bouda.
You hear a shout!
The gnoll bouda hits you with a +0 club!
* * * LOW HITPOINT WARNING * * *
A gnoll comes into view. It is wielding a +0 whip.
You feel better.
A gnoll comes into view. It is wielding a +0 flail.
The gnoll bouda hits you with a +0 club.
* * * LOW HITPOINT WARNING * * *
It was a potion of might.
You feel very mighty all of a sudden.
The gnoll hits you from afar with a +0 halberd!
You die...

#........#
#.####...########
#...#.......
####...#...##
#...........##
...$#.##..##..##
.....# ###.g#..#
..... ###.##
..... ##@# ....
#..g#..# ... #.##
.## g. ## ..g ..
.


You could see a gnoll bouda and 3 gnolls.

Vanquished Creatures
  A black bear (D:5)
  An ice beast (D:5)
  A necrophage (D:5)
  A scorpion (D:5)
  2 howler monkeys (D:5)
  A hound (D:5)
  5 adders
  A white imp (D:5)
  4 dart slugs
  3 endoplasms
  A giant cockroach (D:2)
  2 goblins (D:2)
  6 jackals
  7 kobolds
  2 quokkas
  3 ball pythons
  4 bats
  5 rats
50 creatures vanquished.

Notes
Turn   | Place    | Note
-------+----------+-------------------------------------------
     0 | D:1      | cheesebisquit the Minotaur Hunter began the quest for the
                  | Orb.
     0 | D:1      | Reached XP level 1. HP: 18/18 MP: 0/0
    60 | D:1      | Found a glowing golden altar of the Shining One.
   186 | D:1      | Reached XP level 2. HP: 25/25 MP: 1/1
   327 | D:1      | Reached skill level 5 in Ranged Weapons
   653 | D:2      | Reached XP level 3. HP: 18/30 MP: 2/2
  1220 | D:2      | Reached skill level 6 in Ranged Weapons
  1442 | D:3      | Found a white marble altar of Elyvilon.
  1487 | D:3      | Reached XP level 4. HP: 37/37 MP: 3/3
  1531 | D:3      | You are sucked into a shaft and drop 2 floors!
  1531 | D:5      | Entered Level 5 of the Dungeon
  1531 | D:5      | Found a basalt altar of Yredelemnul.
  1662 | D:5      | Noticed an ogre
  1752 | D:5      | Found a stormy altar of Qazlal.
  1788 | D:5      | Noticed an ice beast
  1805 | D:5      | Killed an ice beast
  1806 | D:5      | Reached skill level 7 in Ranged Weapons
  1806 | D:5      | Reached XP level 5. HP: 23/42 MP: 4/4
  2009 | D:5      | Reached skill level 8 in Ranged Weapons
  2009 | D:5      | Reached XP level 6. HP: 41/50 MP: 5/5
  2121 | D:5      | Reached skill level 9 in Ranged Weapons
  2140 | D:5      | Slain by a gnoll

Illustrated notes

Levels and vault maps discovered:
D:1:      psy_arrival_dodecagon, layout_basic, minmay_hexomino_r4
D:2:      layout_basic
D:3:      layout_loops_ring, lemuel_crystal_altar
D:5:      minmay_angry_zag, layout_basic, mainiacjoe_overflow_six_doors_small,
          mainiacjoe_overflow_catwalk, minmay_manual_mess

Skill      XL: |  1  2  3  4  5  6 |
---------------+-------------------+-----
Ranged Weapons | 5 6 7 8 9 |  9.2
Fighting       | |  2.4
Dodging        | |  2.1
Stealth        | |  0.7

Action                     |  1- 3 |  4- 6 || total
---------------------------+-------+-------++-------
   Fire: Shortbow          |   104 |    92 ||   196
    Use: Scroll            |       |     5 ||     5
         Potion            |       |     6 ||     6
 Armour: Leather armour    |    14 |    15 ||    29
  Dodge: Dodged            |    32 |    48 ||    80

Table legend: (Time is in decaauts)
 A = Elapsed time spent in this place.
 B = Non-inter-level travel time spent in this place.
 C = Inter-level travel time spent in this place.
 D = Time resting spent in this place.
 E = Time spent auto-exploring this place.
 F = Levels seen in this place.
 G = Mean time per level.
                   A        B        C        D        E       F      G
               +--------+--------+--------+--------+--------+-----+--------+
         Total |   2179 |   2135 |     44 |    205 |   1358 |   4 |  544.8 |
       Dungeon |   2179 |   2135 |     44 |    205 |   1358 |   4 |  544.8 |
               +--------+--------+--------+--------+--------+-----+--------+

Top non-repeatable levels by time:
     D:2: 859 daAuts
     D:5: 621 daAuts
     D:1: 515 daAuts
     D:3: 183 daAuts
